 Dungeon Crawl Stone Soup version 0.28-a0-429-g1448048969 (webtiles) character file.

Game seed: 6214718906589824441

2012 rogsnak the Conjurer (level 9, -3/48 HPs)
             Began as a Gargoyle Fire Elementalist on Sept 11, 2021.
             Was an Initiate of Sif Muna.
             Slain by an orc warrior (11 damage)
             ... on level 6 of the Dungeon.
             The game lasted 00:13:49 (6902 turns).

rogsnak the Conjurer (Gargoyle Fire Elementalist)   Turns: 6902, Time: 00:13:50

Health: -3/48      AC: 11    Str: 17    XL:     9   Next: 22%
Magic:  9/18       EV: 12    Int: 20    God:    Sif Muna [......]
Gold:   136        SH:  0    Dex: 10    Spells: 13/20 levels left

rFire   . . .      SeeInvis +   J - +2 long sword (elec)
rCold   . . .      Faith    .   (no shield)
rNeg    + . .      Spirit   .   a - +0 robe
rPois   ∞          Reflect  .   x - +0 helmet
rElec   +          Harm     .   e - +0 cloak
rCorr   .          Rampage  .   (no gloves)
Will    .....                   M - +0 pair of boots
Stlth   ++........              q - amulet of magic regeneration
HPRegen 0.16/turn               y - ring of see invisible
MPRegen 0.41/turn               D - +6 ring of strength

@: no status effects
A: sickness immunity, AC +6, negative energy resistance 1, electricity
resistance, torment resistance 1, petrification resistance
a: Renounce Religion


You were on level 6 of the Dungeon.
You worshipped Sif Muna.
Sif Muna was noncommittal.
You visited 2 branches of the dungeon, and saw 7 of its levels.

You collected 136 gold pieces.

Inventory:

Hand Weapons
 b - a +0 dagger
 d - a +0 rapier
 n - a +0 vampiric dagger
 p - a +2 short sword of electrocution
 A - a +1 vampiric rapier
 E - a +4 falchion of draining
 J - a +2 long sword of electrocution (weapon)
 O - a +2 falchion of holy wrath
Missiles
 c - 187 stones
 f - 6 silver boomerangs
 N - a curare-tipped dart
Armour
 a - a +0 robe (worn)
 e - a +0 cloak (worn)
 x - a +0 helmet (worn)
 M - a +0 pair of boots (worn)
Jewellery
 q - an amulet of magic regeneration (around neck)
 y - a ring of see invisible (left hand)
 B - an amulet of the acrobat
 D - a +6 ring of strength (right hand)
 L - a ring of resist corrosion
Wands
 G - a wand of flame (12)
Scrolls
 h - 3 scrolls of teleportation {unknown}
 k - a scroll of fear {unknown}
 m - 9 scrolls of identify {unknown}
 o - 3 scrolls of magic mapping {unknown}
 t - a scroll of holy word {unknown}
 v - 2 scrolls of enchant weapon {unknown}
 H - a scroll of fog {unknown}
 I - a scroll of blinking {unknown}
 K - a scroll of amnesia {unknown}
Potions
 g - 2 potions of degeneration {unknown}
 i - a potion of berserk rage {unknown}
 j - 2 potions of flight {unknown}
 l - 2 potions of curing {unknown}
 r - a potion of attraction {unknown}
 s - 3 potions of heal wounds {unknown}
 u - a potion of cancellation {unknown}
 w - a potion of invisibility {unknown}
 z - 3 potions of haste {unknown}
 C - a potion of lignification {unknown}
 F - a potion of brilliance {unknown}


   Skills:
 + Level 1.6 Fighting
 + Level 2.1 Dodging
 - Level 2.1 Stealth
 + Level 6.3 Spellcasting
 * Level 7.6 Conjurations
 + Level 7.0 Fire Magic


You had 13 spell levels left.
You knew the following spells:

 Your Spells              Type           Power      Damage    Failure   Level
a - Foxfire               Conj/Fire      100%       2x1d9     1%          1
b - Scorch                Fire           68%        2d8       1%          2
c - Flame Wave            Conj/Fire      35%        3d8       4%          4

Your spell library contained the following spells:

 Spells                   Type           Power      Damage    Failure   Level
 Conjure Flame            Conj/Fire      35%        6-21      1%          3
 Inner Flame              Hex/Fire       20%        N/A       7%          3


Dungeon Overview and Level Annotations

Branches:
Dungeon (6/15)             Temple (1/1) D:6

Altars:
Dithmenos
Elyvilon
Fedhas
Kikubaaqudgha
Nemelex Xobeh
Okawaru
Ru
Sif Muna
Trog
Uskayaw
Vehumet
Wu Jian
Xom
Yredelemnul
Zin
The Shining One

Shops:
D:2 :

Annotations:
D:6 2 runed translucent doors


Innate Abilities, Weirdness & Mutations

You are immune to sickness and miasma.
Your stone body is resilient. (AC +6)
You are immune to poison.
You resist negative energy. (rN+)
You are resistant to electric shocks. (rElec)
You are resistant to unholy torment.
You are immune to petrification.


Message History

The foxfire hits the orc warrior.
The orc warrior is burned terribly!
The orc warrior is heavily wounded.
Casting: Scorch (safe; 1% risk of failure)
Confirm with . or Enter, or press ? or * to list all spells.
Flames lash the orc priest.
The orc priest is lightly wounded.
The orc priest's fire resistance burns away.
The orc warrior hits you from afar with a +0 halberd!
Unknown command.
Casting: Scorch (safe; 1% risk of failure)
Confirm with . or Enter, or press ? or * to list all spells.
Flames lash the orc warrior.
The orc warrior is burned terribly!
The orc warrior is almost dead.
The orc warrior hits you from afar with a +0 halberd.
Unknown command.
Casting: Scorch (safe; 1% risk of failure)
Confirm with . or Enter, or press ? or * to list all spells.
Flames lash the orc priest.
The orc priest is burned terribly!
The orc priest is almost dead.
The orc priest is no longer more vulnerable to fire.
The orc warrior hits you from afar with a +0 halberd!
Unknown command.
Casting: Scorch (safe; 1% risk of failure)
Confirm with . or Enter, or press ? or * to list all spells.
Flames lash the orc priest.
You kill the orc priest!
Sif Muna accepts your kill. The orc warrior misses you.
Unknown command.
Casting: Scorch (safe; 1% risk of failure)
Confirm with . or Enter, or press ? or * to list all spells.
Flames lash the orc wizard.
You kill the orc wizard!
Sif Muna accepts your kill.
The orc warrior is no longer more vulnerable to fire.
The orc warrior hits you from afar with a +0 halberd!!
* * * LOW HITPOINT WARNING * * *
There is a stone staircase leading up here.
The orc warrior hits you from afar with a +0 halberd!
You die...

.....8####8......♣♣.._..♣ ##.....
#....'....'......♣♣.....♣##......
#....8#..#8...#..♣♣♣...♣♣........
...####++####.#### ♣♣♣♣♣.........
...# #..# #.# ##....##.......
##.# #..# #.# ##.########.....
#..# #..# #.# #..## ###... #..#
#..# #.####...# ###. ...## ....
##.##@.†..# ## ....#
######.........# #.......
.......o....#
#.......####.........# ......
#.......# #.........# ....o.
#.....### #..........# #......
#..#### ###.......## ..oo... ####
###...).## .......
####.).###)......


You could see an orc warrior.

Vanquished Creatures
  2 steam dragons (D:5)
  A sky beast (D:6)
  An ice beast (D:6)
  A black bear (D:5)
  3 ogres
  A centaur (D:6)
  A phantom (D:5)
  A kobold brigand (D:6)
  2 scorpions
  A water moccasin skeleton (D:5)
  A crimson imp (D:5)
  2 hounds
  3 orc priests
  A centaur skeleton (D:6)
  Natasha (thrice) (D:2)
  6 orc wizards
  3 iguanas (D:5)
  Robin (D:3)
  A howler monkey zombie (D:6)
  10 gnolls
  7 adders
  A white imp (D:6)
  A worm (D:2)
  19 orcs
  8 ball pythons
  7 endoplasms
  4 giant cockroaches
  15 goblins
  17 hobgoblins
  2 jackals (D:1)
  5 quokkas
  5 bats
  4 frilled lizards
  A goblin skeleton (D:5)
  2 goblin zombies (D:5)
  5 hobgoblin zombies (D:5)
  14 kobolds
  3 orc skeletons (D:5)
  7 rats
172 creatures vanquished.

Vanquished Creatures (collateral kills)
  A foxfire (D:5)
1 creature vanquished.

Vanquished Creatures (others)
  A goblin (D:1)
  525 foxfires
  4 plants
  A withered plant (D:6)
531 creatures vanquished.

Grand Total: 704 creatures vanquished

Notes
Turn   | Place    | Note
-------+----------+-------------------------------------------
     0 | D:1      | rogsnak the Gargoyle Fire Elementalist began the quest for
                  | the Orb.
     0 | D:1      | Reached XP level 1. HP: 10/10 MP: 3/3
   460 | D:1      | Reached XP level 2. HP: 7/15 MP: 3/5
  1299 | D:2      | Reached XP level 3. HP: 19/19 MP: 2/6
  1519 | D:2      | Found Vucaq's Book Boutique.
  1521 | D:2      | Noticed Natasha
  1539 | D:2      | Killed Natasha
  1540 | D:2      | Reached XP level 4. HP: 17/24 MP: 2/7
  1864 | D:2      | Noticed Natasha
  1868 | D:2      | Killed Natasha
  1869 | D:2      | Reached skill level 1 in Fighting
  2024 | D:2      | Noticed Natasha
  2029 | D:2      | Killed Natasha
  2030 | D:2      | Reached XP level 5. HP: 28/29 MP: 3/9
  3109 | D:3      | Noticed an ogre
  3134 | D:3      | Found a hide-covered altar of Uskayaw.
  3140 | D:3      | Found a bloodstained altar of Trog.
  3145 | D:3      | Found a sacrificial altar of Ru.
  3153 | D:3      | Became a worshipper of Ru the Awakened
  3288 | D:3      | Killed an ogre
  3289 | D:3      | Reached XP level 6. HP: 18/34 MP: 8/10
  3295 | D:3      | Learned a level 2 spell: Scorch
  3300 | D:3      | Learned a level 4 spell: Flame Wave
  4064 | D:4      | Noticed Robin
  4099 | D:3      | Killed Robin
  4183 | D:4      | Reached skill level 5 in Fire Magic
  4209 | D:4      | Reached XP level 7. HP: 38/38 MP: 8/12
  4427 | D:4      | Reached skill level 5 in Conjurations
  4446 | D:4      | You fall into a shaft and drop 2 floors!
  4501 | D:6      | Found an ancient bone altar of Kikubaaqudgha.
  4501 | D:6      | Found a blossoming altar of Fedhas.
  4519 | D:5      | Entered Level 5 of the Dungeon
  4653 | D:5      | Found an iron altar of Okawaru.
  4701 | D:5      | Found a glowing golden altar of the Shining One.
  5032 | D:5      | Noticed a steam dragon
  5032 | D:5      | Noticed a steam dragon
  5039 | D:5      | Killed a steam dragon
  5040 | D:5      | Reached XP level 8. HP: 33/43 MP: 4/14
  5198 | D:5      | Reached skill level 5 in Spellcasting
  5523 | D:4      | Found a radiant altar of Vehumet.
  6479 | D:6      | Found a large runed translucent door.
  6479 | D:6      | Found a large runed translucent door.
  6501 | D:6      | Found a staircase to the Ecumenical Temple.
  6515 | D:6      | Found a faded altar of an unknown god.
  6524 | Temple   | Entered the Ecumenical Temple
  6531 | Temple   | Fell from the grace of Ru
  6531 | Temple   | Became a worshipper of Sif Muna the Loreminder
  6646 | D:6      | Reached XP level 9. HP: 34/48 MP: 1/17
  6902 | D:6      | Slain by an orc warrior

Illustrated notes

Levels and vault maps discovered:
D:1:      dpeg_arrival_leaves_temple_mockup, layout_loops_ring,
          lemuel_old_faithful
D:2:      minmay_general_purpose_star, layout_basic, serial_shops,
          nicolae_diamond_shop, uniq_natasha
D:3:      corexii_shack_village, layout_loops_ring,
          minmay_overflow_temple_star_quad
D:4:      layout_loops_ring, vehumet_altar_wand_db, uniq_robin
D:5:      kennysheep_steamy, layout_basic, nicolae_overflow_hidden_temple,
          nicolae_tso_besieged_by_evil
D:6:      layout_cave_pods, grunt_temple_overflow_growth_and_decay,
          jmf_multi_god_temple2, nicolae_temple_entry_ecumenical
Temple:   eino_temple_lava

Skill      XL: |  1  2  3  4  5  6  7  8  9 |
---------------+----------------------------+-----
Conjurations   | 2 4 6 7 |  7.6
Fighting       | 1 |  1.6
Fire Magic     | 4 5 6 7 |  7.0
Spellcasting   | 3 4 5 6 |  6.3
Dodging        | 2 |  2.1
Stealth        | |  2.1

Action                   |  1- 3 |  4- 6 |  7- 9 || total
-------------------------+-------+-------+-------++-------
Melee: Dagger            |     7 |       |       ||     7
       Rapier            |    19 |    11 |       ||    30
       Short sword       |       |    13 |    18 ||    31
       Long sword        |       |       |     4 ||     4
 Cast: Foxfire           |    47 |   135 |   141 ||   323
       Flame Wave        |       |     1 |     1 ||     2
       Scorch            |       |       |    27 ||    27
 Stab: Sleeping          |     1 |       |       ||     1
Armor: Robe              |     8 |     8 |    19 ||    35
Dodge: Dodged            |    14 |    28 |    25 ||    67

Table legend: (Time is in decaauts)
 A = Elapsed time spent in this place.
 B = Non-inter-level travel time spent in this place.
 C = Inter-level travel time spent in this place.
 D = Time resting spent in this place.
 E = Time spent auto-exploring this place.
 F = Levels seen in this place.
 G = Mean time per level.
                   A        B        C        D        E       F      G
               +--------+--------+--------+--------+--------+-----+--------+
         Total |   6914 |   6753 |    161 |    786 |   4595 |   7 |  987.7 |
       Dungeon |   6899 |   6738 |    161 |    786 |   4595 |   6 | 1149.8 |
        Temple |     14 |     14 |      0 |      0 |      0 |   1 |   14.0 |
               +--------+--------+--------+--------+--------+-----+--------+

Top non-repeatable levels by time:
     D:2: 1569 daAuts
     D:5: 1413 daAuts
     D:3: 1264 daAuts
     D:1: 1155 daAuts
     D:4: 787 daAuts
     D:6: 709 daAuts
  Temple: 14 daAuts
